 Dungeon Sprint DCSS version 0.32-a0-350-g4f4d228785 (webtiles) character file.

Game seed: 5051420079588253164

2018 rocky1 the Basher (level 9, -2/129 HPs)
             Began as a Mountain Dwarf Cinder Acolyte on Feb 18, 2024.
             Was a Priest of Ignis.
             Slain by an earth elemental (21 damage)
             ... in the Dungeon (Sprint VII: "The Pits").
             The game lasted 00:05:15 (1168 turns).

rocky1 the Basher (Mountain Dwarf Cinder Acolyte)   Turns: 1168, Time: 00:05:16

Health: -2/129     AC: 25    Str: 21    XL:     9   Next: 3%
Magic:  18/18      EV: 11    Int: 15    God:    Ignis [***...]
Gold:   0          SH:  0    Dex:  8    Spells: 19/21 levels left

rFire   + . .        x - +2 dire flail (holy)
rCold   . . .        (shield currently unavailable)
rNeg    . . .        w - +4 chain mail
rPois   .            (no helmet)
rElec   .            (no cloak)
rCorr   .            v - +0 pair of gloves
SInv    .            u - +0 pair of boots
Will    .....        (no amulet) Stlth
                     p - +3 ring of evasion
HPRegen 0.41/turn    q - +3 ring of dexterity
MPRegen 0.16/turn

%: no teleportation
@: berserking, fiery-armoured, very quick
A: runic magic, artefact enchanting
a: Renounce Religion, Fiery Armour, Foxfire Swarm, Rising Flame


You were in the Dungeon.
You worshipped Ignis.
Ignis was most pleased with you.
You visited 1 branch

Inventory:

Hand Weapons
 n - a +0 morningstar
 x - a +2 dire flail of holy wrath (weapon)
Armour
 u - a +0 pair of boots (worn)
 v - a +0 pair of gloves (worn)
 w - a +4 chain mail (worn)
Jewellery
 p - a +3 ring of evasion (left hand)
 q - a +3 ring of dexterity (right hand)
Scrolls
 h - a scroll of blinking
 j - 2 scrolls of vulnerability
 k - 5 scrolls of amnesia
 l - a scroll of butterflies
Potions
 c - 7 potions of curing
 d - 7 potions of heal wounds
 e - a potion of haste
 f - 4 potions of magic
 g - 3 potions of berserk rage
 i - a potion of invisibility
 r - a potion of mutation
 s - a potion of might
 t - a potion of brilliance


   Skills:
 + Level 10.6 Fighting
 * Level 13.7 Maces & Flails
 + Level 9.9 Armour
 - Level 6.5 Spellcasting
 - Level 10.3 Fire Magic


You had 19 spell levels left.
You knew the following spells:

 Your Spells              Type           Power      Damage    Failure   Level
a - Scorch                Fire           72%        2d8       1%          2

Your spell library contained the following spells:

 Spells                   Type           Power      Damage    Failure   Level


Dungeon Overview and Level Annotations

Branches:
Dungeon (1/1)

Altars:
Gozag
Hepliaklqana
Sif Muna
Trog
Jiyva


Innate Abilities, Weirdness & Mutations

Your spellcasting is much less encumbered by armour.
You can use scrolls of enchantment on lesser artefacts.


Message History

You barely miss the ynoxinul.
The ynoxinul is almost dead.
The ynoxinul gestures.
The death knight completely misses you.
You impale the ynoxinul!!
You kill the ynoxinul!
The ufetubus disappears in a puff of smoke! x4
You have reached level 9!
Your experience leads to an increase in your attributes!
Your base attributes are Str 19, Int 15, Dex 5.
Increase (S)trength, (I)ntelligence, or (D)exterity?
You feel stronger. x2
Unknown command.
You hit the death knight.
The death knight is moderately wounded.
You puncture the death knight!
The death knight is heavily wounded.
The death knight hits you with a +2 morningstar.
The death knight is burned by your cloak of flames.
The death knight is heavily wounded.
You barely miss the death knight.
The death knight is heavily wounded.
You barely miss the death knight.
The death knight is heavily wounded.
The death knight offers itself to Yredelemnul, and fills with unholy energy.
You bludgeon the death knight!!
The death knight is severely wounded.
The death knight reflects your damage back at you!
You hit the death knight but do no damage.
The death knight is severely wounded.
You sock the death knight!
The death knight is almost dead.
The death knight reflects your damage back at you!
* * * LOW HITPOINT WARNING * * *
The death knight calls down the wrath of Yredelemnul upon you.
Your body is wracked with pain!
* * * LOW HITPOINT WARNING * * *
The earth elemental hits you!!
You die...
Ignis goes out, and joins you in death.

.†.##.......##......#
'####.......##.÷....#
...##...<...###....##
...##.......# ##÷'##
...##.......###....##
#####.......##......#
#..###########......+
#.############......#
#)#....#..[.###.@.§##
#)#....#....# ##Ep##
#))....'..)[# #....#
#'#)...#..))##......#
'.#....#..))##......#
#####################


You could see a death knight (reflects damage) and an earth elemental.

Vanquished Creatures
  An unseen horror (D)
  A kobold demonologist (D)
  A hornet (D)
  Prince Ribbit (D)
  A ynoxinul (D)
  An ice beast (D)
  An orc warrior (D)
  4 wolves (D)
  A bullfrog (D)
  3 scorpions (D)
  An orc priest (D)
  2 orc wizards (D)
  A mummy (D)
  A gnoll (D)
  A river rat (D)
  A white imp (D)
  4 orcs (D)
  A ball python (D)
  A giant cockroach (D)
  2 goblins (D)
  A hobgoblin (D)
  A kobold (D)
  A quokka (D)
  A bat (D)
  A quokka skeleton (D)
35 creatures vanquished.

Vanquished Creatures (others)
  An orc wizard (D)
  35 foxfires (D)
36 creatures vanquished.

Grand Total: 71 creatures vanquished

Notes
Turn   | Place    | Note
-------+----------+-------------------------------------------
     0 | D        | rocky1 the Mountain Dwarf Cinder Acolyte began the quest
                  | for the Orb.
     0 | D        | Reached XP level 1. HP: 19/19 MP: 2/2
    22 | D        | Found a bloodstained altar of Trog.
    22 | D        | Found a shimmering blue altar of Sif Muna.
    22 | D        | Found a viscous altar of Jiyva.
    22 | D        | Found a hazy altar of Hepliaklqana.
    22 | D        | Found an opulent altar of Gozag.
    54 | D        | Noticed a scorpion
    61 | D        | Killed a scorpion
    62 | D        | Reached skill level 5 in Maces & Flails
    62 | D        | Reached skill level 5 in Fire Magic
    62 | D        | Reached XP level 2. HP: 25/28 MP: 2/5
    62 | D        | Reached XP level 3. HP: 32/35 MP: 2/7
    65 | D        | Reached skill level 5 in Fighting
    72 | D        | Reached XP level 4. HP: 40/42 MP: 3/8
   146 | D        | Noticed a scorpion
   146 | D        | Noticed Prince Ribbit
   163 | D        | Killed a scorpion
   164 | D        | Reached skill level 6 in Maces & Flails
   164 | D        | Reached XP level 5. HP: 34/50 MP: 8/10
   174 | D        | Killed Prince Ribbit
   175 | D        | Reached skill level 8 in Maces & Flails
   175 | D        | Reached skill level 5 in Spellcasting
   175 | D        | Reached XP level 6. HP: 30/60 MP: 9/13
   405 | D        | Learned a level 2 spell: Scorch
   435 | D        | Noticed an ice beast
   439 | D        | Reached skill level 9 in Maces & Flails
   439 | D        | Reached XP level 7. HP: 68/68 MP: 15/15
   598 | D        | Noticed a hornet
   598 | D        | Noticed a kobold demonologist
   600 | D        | Noticed a neqoxec
   601 | D        | Noticed an orange demon
   603 | D        | Noticed a rust devil
   603 | D        | Killed a hornet
   604 | D        | Reached skill level 10 in Maces & Flails
   613 | D        | Killed a kobold demonologist
   614 | D        | Reached skill level 11 in Maces & Flails
   614 | D        | Reached skill level 10 in Fire Magic
   614 | D        | Reached XP level 8. HP: 74/78 MP: 17/17
   771 | D        | Reached skill level 12 in Maces & Flails
   795 | D        | Killed an unseen horror
   796 | D        | Reached skill level 10 in Fighting
   796 | D        | Reached skill level 13 in Maces & Flails
  1150 | D        | Noticed a death knight
  1162 | D        | Reached XP level 9. HP: 60/86 MP: 18/18
  1168 | D        | Slain by an earth elemental

Illustrated notes

Levels and vault maps discovered:
D:        pitsprint [storerooms_1, entrance_room_1, metal_vault_2, armoury_2,
          mini_pit_1, grid_room_1, main_hall_1, silver_pit, the_coven_1,
          the_vestibule_1, steel_vault_5, golden_pit, hallway_of_sentries,
          crystal_vault_4, iron_vault_1, final_vault]

Skill      XL: |  1  2  3  4  5  6  7  8 |
---------------+-------------------------+-----
Fire Magic     | 5 6 8 9 10 | 10.3
Fighting       | 4 5 6 7 8 9 10 | 10.6
Maces & Flails | 5 6 8 9 11 13 | 13.7
Armour         | 3 4 6 7 8 9 |  9.9
Spellcasting   | 2 3 5 6 |  6.5

Action                     |  1- 3 |  4- 6 |  7- 9 || total
---------------------------+-------+-------+-------++-------
  Melee: Mace              |     9 |     7 |       ||    16
         Morningstar       |       |    40 |    32 ||    72
         Dire flail        |       |       |    43 ||    43
 Invoke: Fiery Armour      |     1 |       |     2 ||     3
         Foxfire Swarm     |       |       |     3 ||     3
    Use: Potion            |       |     3 |     3 ||     6
   Stab: Invisible         |       |     4 |       ||     4
 Armour: Robe              |     9 |     6 |       ||    15
         Plate armour      |       |    47 |    28 ||    75
         Chain mail        |       |       |    54 ||    54
  Dodge: Dodged            |     5 |    22 |    38 ||    65

Table legend: (Time is in decaauts)
 A = Elapsed time spent in this place.
 B = Non-inter-level travel time spent in this place.
 C = Inter-level travel time spent in this place.
 D = Time resting spent in this place.
 E = Time spent auto-exploring this place.
 F = Levels seen in this place.
 G = Mean time per level.
                   A        B        C        D        E       F      G
               +--------+--------+--------+--------+--------+-----+--------+
         Total |   1157 |   1094 |     63 |    682 |      0 |   1 | 1157.0 |
       Dungeon |   1157 |   1094 |     63 |    682 |      0 |   1 | 1157.0 |
               +--------+--------+--------+--------+--------+-----+--------+

Top non-repeatable levels by time:
       D: 1157 daAuts
